 Dungeon Crawl Stone Soup version 0.21-a0-104-g7b58145 (webtiles) character file.

5863 Leszczynek the Cleaver (level 10, 44/97 HPs)
             Began as a Deep Dwarf Fighter on July 6, 2017.
             Quit the game on level 9 of the Dungeon.
             The game lasted 00:25:30 (3963 turns).

Leszczynek the Cleaver (Deep Dwarf Fighter)         Turns: 3963, Time: 00:25:31

Health: 44/97      AC: 10    Str: 22    XL:     10   Next: 52%
Magic:  5/5        EV: 10    Int:  9    God:
Gold:   192        SH: 11    Dex: 13    Spells: 9/9 levels left

rFire    . . .     SeeInvis .   a - +0 war axe
rCold    . . .     Gourm    .   c - +1 shield
rNeg     . . .     Faith    .   b - +0 scale mail
rPois    .         Spirit   .   D - +0 helmet (curse)
rElec    .         Reflect  .   (no cloak)
rCorr    .         Harm     .   B - +0 pair of gloves
MR       +....                  (no boots)
Stlth    ..........             (no amulet)
HPRegen  0.00/turn              (no ring)
MPRegen  0.09/turn              (no ring)

@: non-regenerating
A: damage resistance, heal wounds, sense surroundings 2, no regeneration
a: Heal Wounds


You were on level 9 of the Dungeon.
You were very hungry.

You visited 2 branches of the dungeon, and saw 10 of its levels.
You also visited: Ossuary.

You collected 192 gold pieces.

Inventory:

Hand Weapons
 a - a +0 war axe (weapon)
Armour
 b - a +0 scale mail (worn)
 c - a +1 shield (worn)
 h - a +0 large shield
 A - a +0 plate armour
 B - a +0 pair of gloves (worn)
 D - a cursed +0 helmet (worn)
Wands
 w - a wand of flame (33/48)
 x - a wand of flame (0/48)
Scrolls
 g - 7 scrolls of teleportation
 i - 2 scrolls of fog {unknown}
 m - a scroll of remove curse {unknown}
 o - a scroll of fear
 y - 3 scrolls of identify {@r1}
 z - a scroll of holy word {unknown}
 E - a scroll of vulnerability {unknown}
 F - a scroll of enchant weapon {unknown}
Potions
 e - 2 potions of lignification {unknown}
 f - 2 potions of might
 k - 2 potions of mutation {unknown}
 l - a potion of heal wounds {unknown}
 n - 4 potions of curing {@q1}
 r - 3 potions of flight {unknown}
 s - 2 potions of brilliance
 t - 3 potions of agility {unknown}
 u - a potion of invisibility {unknown}
 v - a potion of resistance {unknown}
 G - a potion of magic {unknown}
Comestibles
 d - 3 bread rations
 j - 8 royal jellies
 p - 3 meat rations
 q - 6 fruits


   Skills:
 - Level 8.3 Fighting
 + Level 11.9 Axes
 - Level 6.2 Armour
 * Level 4.0 Dodging
 - Level 6.0 Shields


You had 9 spell levels left.
You didn't know any spells.

Dungeon Overview and Level Annotations

Branches:
Dungeon (9/15)             Temple (1/1) D:6
   Lair: D:8-11         Orc: D:9-12

Altars:
Ashenzari
Cheibriados
Dithmenos
Elyvilon
Fedhas
Gozag
Hepliaklqana
Kikubaaqudgha
Nemelex Xobeh
Okawaru
Qazlal
Ru
Sif Muna
Trog
Uskayaw
Vehumet
Wu Jian
Xom
Yredelemnul
Zin
The Shining One

Shops:
D:4 (   D:6 (

Annotations:
D:4 Soeti's ghost, novice NaBe


Innate Abilities, Weirdness & Mutations

You are resistant to damage.
You can heal yourself by infusing magical energy.
You passively map the area around you.
You do not regenerate.


Message History

The howler monkey hits you but does no damage.
A hungry ghost comes into view.
The killer bee buzzes angrily.
You slash the howler monkey!
The howler monkey is severely wounded.
You hear a shout!
You block the howler monkey's attack.
The centaur warrior wields a shortbow.
The centaur warrior shoots an arrow.
The arrow hits you!!
Unknown command.
Unknown command.
The howler monkey hits you but does no damage.
The centaur warrior shoots an arrow.
The arrow hits you.
You see here an arrow.
Unknown command.
The howler monkey closely misses you.
The centaur warrior shoots an arrow.
The arrow hits you! The howler monkey hits you. The hungry ghost hits you.
You are feeling very hungry.
A hornet comes into view.
You see here an arrow.
Are you sure you want to abandon this character and quit the game? (Confirm with "yes".)

* , ,, , ,..# **
* , , ....# , ,
, , ....# * , ,
,,, ....# ,
####+####....# *
*
##.............
* #....).<....#*
**
#.......y...####
,* *
#.....@(........
,,*
#....#Wh###c####
* *#....#a#F# #*
* * * #$..
#.!... , ,, ,* ,
, #.... .#...#.
* *
#...,.y*##..8..
, * * , +......
#._ #, , * * *
,* ...., * ### ,
, ,


You could see a centaur warrior, a hungry ghost, a hornet (wandering), a
bullfrog, a howler monkey, a worker ant and a killer bee.

Vanquished Creatures
  Erica (D:8)
  A two-headed ogre (D:7)
  Joseph (D:8)
  Psyche (D:8)
  A hippogriff (D:7)
  2 yaks (D:7)
  2 hogs (D:7)
  A human (D:7)
  Edmund (D:6)
  3 orc warriors
  A black bear (D:7)
  6 ice beasts
  3 ogres
  2 phantoms
  2 necrophages
  3 centaurs
  A big kobold (D:8)
  3 bullfrogs
  3 water moccasin zombies (Ossuary)
  A scorpion (D:5)
  An electric eel (D:8)
  A howler monkey (D:8)
  2 bullfrog zombies
  A crimson imp (D:5)
  A hound (D:6)
  A jelly (D:5)
  A bullfrog skeleton (D:5)
  2 centaur skeletons
  An orc priest (D:7)
  5 orc wizards
  2 worker ants
  3 big kobold zombies (Ossuary)
  A hound zombie (D:6)
  2 mummies (Ossuary)
  4 gnolls (D:7)
  4 adders
  An ooze (D:5)
  7 adder zombies (Ossuary)
  2 worms (D:8)
  A dart slug (D:1)
  3 leopard geckos
  16 orcs
  A giant cockroach (D:7)
  4 gnoll zombies (Ossuary)
  4 goblins
  8 hobgoblins
  11 jackals
  3 quokkas
  A ball python (D:6)
  5 bats
  5 frilled lizards
  2 hobgoblin zombies (Ossuary)
  7 kobolds
  3 kobold zombies (Ossuary)
  7 orc zombies (Ossuary)
  6 rats
168 creatures vanquished.

Notes
Turn   | Place    | Note
-------+----------+-------------------------------------------
     0 | D:1      | Leszczynek the Deep Dwarf Fighter began the quest for the Orb.
     0 | D:1      | Reached XP level 1. HP: 20/20 MP: 1/1
    53 | D:1      | Reached skill level 3 in Axes
    53 | D:1      | Reached XP level 2. HP: 21/27 MP: 2/2
   108 | D:1      | Reached XP level 3. HP: 22/33 MP: 3/3
   121 | D:1      | Reached skill level 4 in Axes
   306 | D:2      | Found a white marble altar of Elyvilon.
   306 | D:2      | Found a sparkling altar of Nemelex Xobeh.
   365 | D:2      | Found a deep blue altar of Sif Muna.
   540 | D:4      | Noticed an ogre
   558 | D:4      | Killed an ogre
   558 | D:4      | Reached skill level 5 in Axes
   558 | D:4      | Reached XP level 4. HP: 22/40 MP: 4/4
   658 | D:4      | Reached XP level 5. HP: 26/46 MP: 5/5
   675 | D:5      | Entered Level 5 of the Dungeon
   729 | D:5      | Reached skill level 6 in Axes
   767 | D:5      | Noticed an ogre
   877 | D:5      | Reached XP level 6. HP: 38/55 MP: 6/6
   901 | D:5      | Reached skill level 3 in Fighting
   909 | D:5      | Noticed an ice beast
   935 | D:5      | Killed an ice beast
   935 | D:5      | Reached skill level 7 in Axes
  1108 | D:5      | Noticed an ice beast
  1111 | D:5      | Noticed an ice beast
  1126 | D:5      | Killed an ice beast
  1126 | D:5      | Reached skill level 4 in Armour
  1126 | D:5      | Reached skill level 4 in Shields
  1134 | D:5      | Killed an ice beast
  1134 | D:5      | Reached XP level 7. HP: 32/62 MP: 7/7
  1156 | D:5      | Found a hide-covered altar of Uskayaw.
  1161 | D:5      | Found a shattered altar of Ashenzari.
  1180 | D:5      | Found a sand-covered staircase.
  1187 | Ossuary  | Entered an ossuary
  1299 | Ossuary  | Reached skill level 8 in Axes
  1329 | Ossuary  | Reached skill level 4 in Fighting
  1484 | D:5      | Reached XP level 8. HP: 35/72 MP: 8/8
  1545 | D:6      | Reached skill level 5 in Armour
  1545 | D:6      | Reached skill level 5 in Shields
  1685 | D:7      | Reached skill level 9 in Axes
  1702 | D:7      | Reached skill level 5 in Fighting
  1710 | D:7      | Reached skill level 10 in Axes
  1729 | D:7      | Gained mutation: You passively map the area around you. [Deep Dwarf growth]
  1729 | D:7      | Reached XP level 9. HP: 35/81 MP: 9/9
  1778 | D:6      | Noticed Edmund
  1796 | D:6      | Killed Edmund
  1815 | D:6      | You fall through a shaft!
  1829 | D:7      | Reached skill level 6 in Fighting
  1997 | D:8      | Noticed Erica
  2089 | D:7      | HP: 7/85 [orc priest/divine providence (12)]
  2093 | D:7      | Reached skill level 11 in Axes
  2252 | D:6      | Found Ihich's Antique Weapon Boutique.
  2411 | D:4      | Found an iron altar of Okawaru.
  2540 | D:3      | Found a snail-covered altar of Cheibriados.
  2540 | D:3      | Found a shadowy altar of Dithmenos.
  2602 | D:4      | Found Fuecuor's Antique Weapon Emporium.
  2628 | D:4      | Noticed Soeti's ghost (novice NaBe)
  2735 | D:5      | >"find the temple" minigame
  2861 | D:5      | Reached skill level 7 in Fighting
  2918 | D:6      | Found a staircase to the Ecumenical Temple.
  2926 | Temple   | Entered the Ecumenical Temple
  2927 | Temple   | stupid shit
  2966 | Temple   | and no makhleb
  3061 | D:7      | Found a hazy altar of Hepliaklqana.
  3141 | D:7      | Noticed a two-headed ogre
  3238 | D:7      | Killed a two-headed ogre
  3238 | D:7      | Reached XP level 10. HP: 36/94 MP: 7/7
  3253 | D:7      | Reached skill level 6 in Armour
  3301 | D:8      | Found a sacrificial altar of Ru.
  3439 | D:8      | Found a blossoming altar of Fedhas.
  3475 | D:8      | Noticed a moth of wrath
  3477 | D:8      | Found a bloodstained altar of Trog.
  3527 | D:8      | Noticed Psyche
  3584 | D:8      | Reached skill level 6 in Shields
  3617 | D:8      | Noticed Joseph
  3631 | D:8      | Killed Psyche
  3631 | D:8      | Reached skill level 8 in Fighting
  3631 | D:8      | Reached skill level 1 in Dodging
  3632 | D:8      | HP: 17/96 [orc warrior/glaive (20)]
  3666 | D:8      | Killed Joseph
  3666 | D:8      | Reached skill level 2 in Dodging
  3765 | D:8      | Killed Erica
  3765 | D:8      | Reached skill level 3 in Dodging
  3840 | D:8      | Reached skill level 4 in Dodging
  3955 | D:9      | Found a snail-covered altar of Cheibriados.
  3956 | D:9      | Noticed a centaur warrior
  3963 | D:9      | Quit the game

Vault maps used:
D:1:      lightli_arrival_boilingwater
D:2:      gammafunk_temple_overflow_pools, led_sif_pool, grunt_decor_fettered
D:3:      gammafunk_temple_overflow_wave, minmay_quantized, uniq_grinder
D:4:      nicolae_overflow_crystal_walls, serial_shops, shop, first_bread,
          minmay_bisected
D:5:      makhleb_blood_cavern_becter,
          chequers_temple_overflow_statue_of_worship,
          nicolae_ossuary_entry_ruins, kennysheep_generic_room_2
D:6:      minmay_temple_entry_glassed_door, serial_shops, nicolae_shop_stone,
          grunt_decor_resistance, minmay_item_behind_shaft, uniq_edmund
D:7:      lemuel_crystal_altar, grunt_livestock
D:8:      nicolae_ru_great_annihilating_truth, tgw_trog, lemuel_crystal_altar,
          serial_bayou_pond_b, minmay_unpleasant_kobolds, uniq_joseph,
          uniq_psyche, uniq_erica
D:9:      minmay_lair_entry_grove, minmay_ruined_shrine, uniq_pikel
Temple:   jpeg_temple_island
Ossuary:  ossuary_tomb_2

Skill      XL: |  1  2  3  4  5  6  7  8  9 10 |
---------------+-------------------------------+-----
Axes           | 3 5 6 7 8 10 11 | 11.9
Fighting       | 3 4 5 7 8 |  8.3
Armour         | 4 5 6 |  6.2
Shields        | 4 5 6 |  6.0
Dodging        | 4 |  4.0

Action                   |  1- 3 |  4- 6 |  7- 9 | 10-12 || total
-------------------------+-------+-------+-------+-------++-------
Melee: War axe           |    80 |   107 |   373 |   135 ||   695
Throw: Throwing net      |     1 |       |       |       ||     1
 Abil: Heal Wounds       |       |     3 |    20 |    11 ||    34
Evoke: Wand              |       |       |     4 |     4 ||     8
  Use: Scroll            |       |     4 |     1 |       ||     5
       Potion            |       |       |     2 |       ||     2
 Stab: Held in net/web   |     1 |       |       |       ||     1
       Paralysed         |       |       |       |     1 ||     1
  Eat: Chunk             |       |     1 |     7 |     3 ||    11
Armor: Scale mail        |    40 |    28 |    97 |    48 ||   213
Dodge: Dodged            |    25 |    24 |    85 |    27 ||   161
Block: Shield            |    32 |    48 |   181 |    70 ||   331
